 Dungeon Crawl Stone Soup version 0.29-a0-923-g6e406bff71 (webtiles) character file.

Game seed: 12167854863875305071

5 elagabalus the Gusty (level 1, 0/10 HPs)
             Began as a Tengu Air Elementalist on July 28, 2022.
             Slain by a frilled lizard (3 damage)
             ... on level 1 of the Dungeon.
             The game lasted 00:02:01 (156 turns).

elagabalus the Gusty (Tengu Air Elementalist)        Turns: 156, Time: 00:02:03

Health: 0/10       AC:  2    Str:  8    XL:     1   Next: 80%
Magic:  0/4        EV: 12    Int: 15    God:
Gold:   0          SH:  0    Dex: 14    Spells: 3/4 levels left

rFire   . . .      SeeInvis .   (no weapon)
rCold   . . .      Faith    .   (no shield)
rNeg    . . .      Spirit   .   a - +0 robe
rPois   .          Reflect  .   (helmet restricted)
rElec   .          Harm     .   (no cloak)
rCorr   .          Rampage  .   (no gloves)
Will    .....                   (boots unavailable)
Stlth   ++........              (no amulet)
HPRegen 0.03/turn               (no ring)
MPRegen 0.09/turn               (no ring)

@: no status effects
A: beak, talons 3
a: no special abilities


You were on level 1 of the Dungeon.
You visited 1 branch of the dungeon, and saw 1 of its levels.

Inventory:

Missiles
 f - 10 stones
Armour
 a - a +0 robe (worn)
Scrolls
 c - a scroll of magic mapping {unknown}
 e - a scroll of identify {unknown}
Potions
 b - a potion of magic
 d - a potion of attraction {unknown}


   Skills:
 - Level 2.1 Dodging
 - Level 2.0 Stealth
 - Level 2.0 Spellcasting
 - Level 1.3 Conjurations
 * Level 4.5 Air Magic


You had 3 spell levels left.
You knew the following spells:

 Your Spells              Type           Power      Damage    Failure   Level
a - Shock                 Conj/Air       40%        1d5       7%          1

Your spell library contained the following spells:

 Spells                   Type           Power      Damage    Failure   Level
 Static Discharge         Conj/Air       10%        3-5/arc   10%         2
 Swiftness                Air            15%        N/A       11%         3
 Call Canine Familiar     Summ           1%         N/A       54%         3
 Portal Projectile        Hex/Tloc       2%         N/A       54%         3
 Airstrike                Air            7%         0-4+      34%         4
 Leda's Liquefaction      Hex/Erth       0%         N/A       91%         4


Dungeon Overview and Level Annotations

Branches:
Dungeon (1/15)

Altars:


Innate Abilities, Weirdness & Mutations

You have a beak for a mouth.
You have claws for feet.


Message History

You are out of magic!
You see here 6 stones.
f - 6 stones
f - 10 stones (gained 4)
You see here a +0 short sword.
An endoplasm comes into view.
Found a book of Geomancy, a ring mail and 9 gold pieces.
Found 21 gold pieces.
Casting: Shock (safe; 7% risk of failure)
Confirm with . or Enter, or press ? or * to list all spells.
Aiming: Shock (safe; 7% risk of failure)
Press: ? - help, Shift-Dir - straight line, f - endoplasm
Aim: an endoplasm (wandering, hasn't noticed you, 97% to hit)
The zap hits the endoplasm.
The endoplasm is almost dead.
The endoplasm quivers.
Found 6 stones, 2 murky dark potions and a scroll labelled FECSOU TERPH.
A rat and a goblin come into view.
A hobgoblin comes into view.
A frilled lizard comes into view.
The frilled lizard hisses angrily.
The rat bites you. The hobgoblin hits you.
The hobgoblin attacks as you move away! The hobgoblin hits you.
* * * LOW HITPOINT WARNING * * *
The frilled lizard barely misses you.
Casting: Shock (safe; 7% risk of failure)
Confirm with . or Enter, or press ? or * to list all spells.
Aiming: Shock (safe; 7% risk of failure)
Press: ? - help, Shift-Dir - straight line, f - goblin, p - endoplasm
Aim: a goblin, wielding a +0 dagger (60% to hit)
The zap misses the rat.
The zap hits the hobgoblin.
The hobgoblin is severely wounded.
The zap hits the goblin.
The goblin is moderately wounded.
The zap misses the goblin.
The zap hits the hobgoblin.
You kill the hobgoblin!
The zap hits the rat.
You kill the rat!
The frilled lizard bites you.
You die...

### #.. #.# #l# #@#
######†#### #.....gJ..#
#.........####
#..#####.....#
#..#($$#..##.### ###
#..#!$[#.......# #..
#..#?$:#.......######.#
#..#####........).....#


You could see an endoplasm, a goblin and a frilled lizard.

Vanquished Creatures
  A bat (D:1)
  2 goblins (D:1)
  A hobgoblin (D:1)
  A kobold (D:1)
  2 rats (D:1)
7 creatures vanquished.

Notes
Turn   | Place    | Note
-------+----------+-------------------------------------------
     0 | D:1      | elagabalus the Tengu Air Elementalist began the quest for
                  | the Orb.
     0 | D:1      | Reached XP level 1. HP: 10/10 MP: 4/4
   156 | D:1      | Slain by a frilled lizard

Illustrated notes

Levels and vault maps discovered:
D:1:      evilmike_arrival_fibonacci_small, layout_loops_ring,
          shapermc_ecumenical_altar_petra, due_unseen_surprise

Action                   || total
-------------------------++-------
 Cast: Shock             ||    11
Armor: Robe              ||     1
Dodge: Dodged            ||     4

Table legend: (Time is in decaauts)
 A = Elapsed time spent in this place.
 B = Non-inter-level travel time spent in this place.
 C = Inter-level travel time spent in this place.
 D = Time resting spent in this place.
 E = Time spent auto-exploring this place.
 F = Levels seen in this place.
 G = Mean time per level.
                   A        B        C        D        E       F      G
               +--------+--------+--------+--------+--------+-----+--------+
         Total |    156 |     60 |     96 |      0 |      0 |   1 |  156.0 |
       Dungeon |    156 |     60 |     96 |      0 |      0 |   1 |  156.0 |
               +--------+--------+--------+--------+--------+-----+--------+

Top non-repeatable levels by time:
     D:1: 156 daAuts
